 Dungeon Crawl Stone Soup version 0.30.0-29-ga12c61a403 (webtiles) character file.

Game seed: 17800118203317329055

1369 booth the Conjurer (level 8, -3/48 (54) HPs)
             Began as a Demonspawn Reaver on June 24, 2023.
             Was a Follower of Hepliaklqana.
             Slain by a wight
             ... wielding a +3 battleaxe
              (5 damage)
             ... on level 6 of the Dungeon.
             The game lasted 00:44:02 (5840 turns).

booth the Conjurer (Demonspawn Reaver)              Turns: 5840, Time: 00:44:03

HP:   -3/48 (54)    AC:  9    Str: 16    XL:     8   Next: 38%
MP:   14/14         EV: 14    Int: 14    God:    Hepliaklqana [*.....]
Gold: 261           SH:  0    Dex: 11    Spells: 7/16 levels left

rFire   + . .        a - +2 hand axe
rCold   + . .        (no shield)
rNeg    . . .        v - +2 leather armour {rC+}
rPois   .            (no helmet)
rElec   .            (no cloak)
rCorr   .            (no gloves)
SInv    .            (no boots)
Will    .....        (no amulet)
Stlth   +            q - ring of protection from fire
HPRegen 0.28/turn    j - +4 ring of protection
MPRegen 0.14/turn

%: no passive effects
@: mighty, heavily drained
A: reduced essence, repulsion field 1, demonic guardian 1, powered by pain 1,
demonic touch 1
a: Renounce Religion, Recall Ancestor, Ancestor Identity


You were on level 6 of the Dungeon.
You worshipped Hepliaklqana.
Hepliaklqana was aware of your devotion.
You visited 1 branch of the dungeon, and saw 6 of its levels.

You collected 261 gold pieces.

Inventory:

Hand Weapons
 a - a +2 hand axe (weapon)
 f - a +2 flail of draining
 h - a +1 war axe
Missiles
 u - a boomerang (quivered)
Armour
 g - a +1 kite shield
 o - the +3 robe of Okawaru's Outrage {*Corrode rN+++ Dex+5}
   (You found it on level 3 of the Dungeon)

   Dex:       It affects your dexterity (+5).
   rN:        It renders you almost immune to negative energy.
   *Corrode:  It may corrode you when you take damage.
 v - a +2 leather armour of cold resistance (worn)
Magical Staves
 r - a staff of conjuration
Jewellery
 c - a +5 ring of evasion
 j - a +4 ring of protection (right hand)
 q - a ring of protection from fire (left hand)
 w - a ring of protection from cold
Wands
 k - a wand of charming (4)
Scrolls
 e - 3 scrolls of teleportation
 m - 2 scrolls of fog
 t - a scroll of immolation {unknown}
Potions
 d - a potion of resistance
 i - 2 potions of heal wounds
 n - a potion of curing
 p - a potion of might
 s - 3 potions of mutation {unknown}


   Skills:
 + Level 4.7 Fighting
 * Level 5.3 Axes
 - Level 3.9 Dodging
 + Level 4.5 Spellcasting
 + Level 5.4 Conjurations
 + Level 1.7 Translocations


You had 7 spell levels left.
You knew the following spells:

 Your Spells              Type           Power      Damage    Failure   Level
a - Kiss of Death         Conj/Necr      40%        2d8       8%          1
b - Momentum Strike       Conj/Tloc      26%        3d8       8%          2
c - Hailstorm             Conj/Ice       10%        3d5       22%         3
d - Blink                 Tloc           16%        N/A       17%         2
e - Apportation           Tloc           16%        N/A       11%         1

Your spell library contained the following spells:

 Spells                   Type           Power      Damage    Failure   Level
 Lesser Beckoning         Tloc           16%        N/A       17%         2
 Alistair's Intoxication  Tmut/Pois      2%         N/A       99%         5


Dungeon Overview and Level Annotations

Branches:
Dungeon (6/15)
 Temple: D:4-7

Altars:
Dithmenos
Hepliaklqana
Makhleb


Innate Abilities, Weirdness & Mutations

Your life essence is reduced to manifest your ancestor. (-10% HP)
You are surrounded by a mild repulsion field. (EV +2)
A weak demonic guardian rushes to your aid.
You sometimes gain a little power by taking damage.
Your touch may inflict minor irresistible damage on your foes.


Message History

There is a stone staircase leading up here.
You start resting.
You float gracefully downwards.
You start resting.
Your white imp disappears in a puff of smoke!
Busisiwa emerges from the mists of memory!
You start resting.
HP restored.
You swap places.
Things that are here:
a +0 spear; a +0 robe
Things that are here:
a +0 war axe; a +0 robe You see here a +0 dagger. 2 wights come into view.
The wight hits you with a +4 halberd.
A demonic guardian appears!
The wight hits you with a +3 battleaxe!
The wight hits your iron imp with a +3 battleaxe!
You hit the wight.
The wight is lightly damaged.
You hit the wight but do no damage. The wight closely misses you.
The wight hits you with a +3 battleaxe!
You feel drained. The wight barely misses your iron imp.
You hit the wight.
The wight is moderately damaged.
You hit the wight. The wight closely misses you.
The wight hits your iron imp but does no damage.
The wight misses you.
Your iron imp hits the wight.
You hit the wight.
The wight is severely damaged.
You strike the helpless wight from behind!
You hit the wight but do no damage. The wight hits you with a +4 halberd!
You feel drained.
* * * LOW HITPOINT WARNING * * *
The wight hits you with a +3 battleaxe!
* * * LOW HITPOINT WARNING * * *
You focus on the pain.
You feel very mighty all of a sudden.
You feel drained.
You die...

.# .# .# ####
.## ...###..
...5. #. #zz#
#.. ##@# ....
###.R##
#..###.#.#.###
#..#........#
#..#<#.#.#.#
##..)......#
#.#.#.#.#.#
#...))...#..
#.#.#.#.###..


You could see the friendly Busisiwa the ancestor, 2 wights and a friendly iron
imp (summoned).

Vanquished Creatures
  Grinder (D:4)
  Edmund (D:4)
  A sky beast (D:6)
  An ice beast (D:4)
  2 ogres
  2 phantoms
  A scorpion (D:5)
  2 wights (D:6)
  2 orc wizards (D:4)
  Natasha (thrice) (D:3)
  4 gnolls (D:4)
  8 adders
  A worm (D:5)
  2 dart slugs
  10 orcs (D:4)
  4 endoplasms
  A giant cockroach (D:4)
  7 goblins
  3 hobgoblins
  3 jackals (D:1)
  3 kobolds
  2 quokkas
  5 ball pythons
  7 bats
  4 frilled lizards
  4 rats
84 creatures vanquished.

Vanquished Creatures (collateral kills)
  An ice beast (D:5)
  An adder (D:5)
  3 orcs (D:5)
5 creatures vanquished.

Vanquished Creatures (others)
  An ancestor (D:6)
1 creature vanquished.

Grand Total: 90 creatures vanquished

Notes
Turn   | Place    | Note
-------+----------+-------------------------------------------
     0 | D:1      | booth the Demonspawn Reaver began the quest for the Orb.
     0 | D:1      | Reached XP level 1. HP: 16/16 MP: 3/3
   593 | D:1      | Gained mutation: Your touch may inflict minor irresistible
                  | damage on your foes. [demonic ancestry]
   593 | D:1      | Reached XP level 2. HP: 22/22 MP: 5/5
   599 | D:1      | Learned a level 2 spell: Momentum Strike
  1245 | D:2      | Found a faded altar of an unknown god.
  1265 | D:2      | Gained mutation: You sometimes gain a little power by
                  | taking damage. [demonic ancestry]
  1265 | D:2      | Reached XP level 3. HP: 28/28 MP: 6/6
  1269 | D:2      | Learned a level 3 spell: Hailstorm
  1867 | D:3      | Reached XP level 4. HP: 34/34 MP: 7/7
  1870 | D:3      | Learned a level 2 spell: Blink
  2158 | D:3      | Noticed Natasha
  2172 | D:3      | Killed Natasha
  2316 | D:3      | Identified the +3 robe of Okawaru's Outrage {*Corrode rN+++
                  | Dex+5}
  2476 | D:3      | Noticed Natasha
  2482 | D:3      | Killed Natasha
  2483 | D:3      | Gained mutation: A weak demonic guardian rushes to your
                  | aid. [demonic ancestry]
  2483 | D:3      | Reached XP level 5. HP: 40/40 MP: 9/9
  2623 | D:3      | Identified the +8 rapier of Attainder {holy, rPois Int+2}
  2804 | D:3      | Noticed Natasha
  2843 | D:3      | Killed Natasha
  3219 | D:4      | Noticed Edmund
  3251 | D:4      | Killed Edmund
  3252 | D:4      | Reached XP level 6. HP: 9/40 MP: 8/10
  3925 | D:4      | Noticed Grinder
  3979 | D:4      | Paralysed by Grinder for 5 turns
  3992 | D:4      | Killed Grinder
  3993 | D:4      | Reached XP level 7. HP: 36/53 MP: 12/12
  4062 | D:4      | Found a burning altar of Makhleb.
  4133 | D:4      | Found a hazy altar of Hepliaklqana.
  4151 | D:4      | Became a worshipper of Hepliaklqana the Forgotten
  4739 | D:5      | Entered Level 5 of the Dungeon
  4763 | D:5      | Reached skill level 5 in Conjurations
  4905 | D:5      | Learned a level 1 spell: Apportation
  4907 | D:5      | Found a shadowy altar of Dithmenos.
  5122 | D:5      | Reached * piety under Hepliaklqana
  5151 | D:5      | Reached skill level 1 in Translocations
  5151 | D:5      | Gained mutation: You are surrounded by a mild repulsion
                  | field. (EV +2) [demonic ancestry]
  5151 | D:5      | Reached XP level 8. HP: 54/54 MP: 14/14
  5509 | D:5      | Reached skill level 5 in Axes
  5840 | D:6      | HP: 2/50 [wight/+3 battleaxe (13)]
  5840 | D:6      | Slain by a wight

Illustrated notes

Levels and vault maps discovered:
D:1:      roderic_dead_forest, layout_loops_cross, minmay_misc_feat_tiny
D:2:      layout_rooms, hellmonk_ecumenical_altar_lost_god,
          corexii_hall_statues_i
D:3:      layout_basic, uniq_natasha
D:4:      layout_gridville, grunt_temple_overflow_open, st_stairs_8,
          roderic_roman_lattice, skrybe_limestone_x, kennysheep_generic_room_10,
          uniq_edmund, uniq_grinder
D:5:      layout_gridville, nicolae_dithmenos_through_a_glass_darkly
D:6:      layout_layer_cave, nicolae_overflow_crystal_walls,
          nicolae_wu_jian_wuxing_cycle, gammafunk_temple_overflow_statue,
          minmay_temple_entry_glass, st_stairs_8, chequers_serial_rivers_small_b

Skill      XL: |  1  2  3  4  5  6  7  8 |
---------------+-------------------------+-----
Dodging        | 2 3 |  3.9
Axes           | 3 4 5 |  5.3
Fighting       | 3 4 |  4.7
Spellcasting   | 3 4 |  4.5
Conjurations   | 4 5 |  5.4
Translocations | 1 |  1.7

Action                     |  1- 3 |  4- 6 |  7- 9 || total
---------------------------+-------+-------+-------++-------
  Melee: Hand axe          |    85 |   113 |    80 ||   278
         Touch             |     9 |    19 |    11 ||    39
         Punch             |     1 |     2 |       ||     3
  Throw: Boomerang         |       |       |     3 ||     3
   Cast: Kiss of Death     |       |     2 |       ||     2
 Invoke: Ancestor Identity |       |       |     2 ||     2
    Use: Scroll            |     3 |     3 |     3 ||     9
         Potion            |     1 |     4 |     2 ||     7
   Stab: Sleeping          |       |     1 |       ||     1
         Distracted        |       |       |     1 ||     1
 Armour: Leather armour    |    24 |     9 |    14 ||    47
         Robe              |       |     3 |       ||     3
  Dodge: Dodged            |    49 |    70 |    48 ||   167
